 Dungeon Crawl Stone Soup version 0.24-a0-699-g5a66b1aa3b (webtiles) character file.

Game seed: 17917182038000827398, levelgen mode: deterministic

30535 Froggeryz the Severer (level 13, 0/113 HPs)
             Began as a Minotaur Fighter on Sept 29, 2019.
             Was the Champion of Okawaru.
             Slain by a spiny frog (17 damage)
             ... on level 3 of the Lair of Beasts.
             The game lasted 00:26:30 (15348 turns).

Froggeryz the Severer (Minotaur Fighter)           Turns: 15348, Time: 00:26:31

Health: 0/113      AC: 16    Str: 21    XL:     13   Next: 21%
Magic:  17/17      EV:  9    Int:  5    God:    Okawaru [******]
Gold:   837        SH:  0    Dex: 19    Spells: 12/12 levels left

rFire    . . .     SeeInvis +   J - +4 broad axe "Jetripti" {chop, rElec rC+ Dex+4 SInv}
rCold    + + .     Gourm    +   (no shield)
rNeg     . . .     Faith    .   D - +0 scale mail {rC+}
rPois    +         Spirit   .   P - +0 hat {MR+}
rElec    +         Reflect  .   q - +2 cloak {MR+}
rCorr    .         Harm     .   o - +2 pair of gloves
MR       ++...                  Q - +0 pair of boots {run}
Stlth    ..........             k - amulet of the gourmand
HPRegen  0.00/turn              L - ring of poison resistance (curse)
MPRegen  0.15/turn              (no ring)

@: quick
A: retaliatory headbutt, horns 2, slimy green scales 1, deformed body, mutation
resistance 1, inhibited regeneration
a: Heroism, Finesse, Renounce Religion


You were on level 3 of the Lair of Beasts.
You worshipped Okawaru.
Okawaru was exalted by your worship.
You were full.

You visited 2 branches of the dungeon, and saw 16 of its levels.

You collected 837 gold pieces.

Inventory:

Hand Weapons
 B - a +2 battleaxe of chopping
 C - the +4 executioner's axe of Qerod {chop, Dex+3}
   (You acquired it on level 3 of the Lair of Beasts)

   It inflicts extra damage upon your enemies.
   It affects your dexterity (+3).
 J - the +4 broad axe "Jetripti" (weapon) {chop, rElec rC+ Dex+4 SInv}
   (Okawaru gifted it to you on level 12 of the Dungeon)

   It inflicts extra damage upon your enemies.
   It affects your dexterity (+4).
   It protects you from cold.
   It insulates you from electricity.
   It lets you see invisible.
Missiles
 j - 9 curare-tipped darts (quivered)
Armour
 o - a +2 pair of gloves (worn)
 q - a +2 cloak of magic resistance (worn)
 x - a scarf of repulsion
 D - a +0 scale mail of cold resistance (worn)
 P - a +0 hat of magic resistance (worn)
 Q - a +0 pair of boots of running (worn)
Jewellery
 k - an amulet of the gourmand (around neck)
 L - a cursed ring of poison resistance (left hand)
Wands
 b - a wand of digging (6)
 c - a wand of enslavement (17)
 p - a wand of iceblast (3)
 w - a wand of clouds (4)
 y - a wand of polymorph (14)
 A - a wand of flame (9)
 K - a wand of scattershot (7)
 M - a wand of random effects (12)
Scrolls
 d - 9 scrolls of identify
 g - 2 scrolls of enchant weapon
 h - 9 scrolls of remove curse
 l - 3 scrolls of fear
 m - 4 scrolls of enchant armour
 n - a scroll of immolation
 r - 7 scrolls of teleportation
 v - 3 scrolls of blinking
 F - 2 scrolls of magic mapping
 I - a scroll of fog
Potions
 a - 4 potions of brilliance
 e - a potion of cancellation
 i - a potion of berserk rage {unknown}
 s - 3 potions of might
 t - 3 potions of lignification {unknown}
 u - 4 potions of curing
 z - 3 potions of flight
 G - a potion of agility {unknown}
Miscellaneous
 E - a fan of gales
Comestibles
 f - 26 rations


   Skills:
 - Level 10.0 Fighting
 + Level 20.0 Axes
 + Level 9.9 Armour
   Level 3.6 Shields
 + Level 7.7 Invocations


You had 12 spell levels left.
You didn't know any spells.
Your spell library contained the following spells:

 Spells                   Type           Power        Failure   Level  Hunger
 Animate Skeleton         Necr           N/A          77%         1    ##.....
 Apportation              Tloc           #.....       77%         1    ##.....
 Confusing Touch          Hex            #.....       77%         1    ##.....
 Summon Small Mammal      Summ           #...         77%         1    ##.....


Dungeon Overview and Level Annotations

Branches:
Dungeon (12/15)            Temple (0/1) D:5            Lair (4/6) D:11
  Swamp (0/4) Lair:2        Snake (0/4) Lair:3          Orc (0/2) D:9

Altars:
Ashenzari
Cheibriados
Elyvilon
Fedhas
Okawaru
Qazlal
Uskayaw
Wu Jian
Beogh

Shops:
D:12 }

Annotations:
D:9 exclusion: oklob plant


Innate Abilities, Weirdness & Mutations

You reflexively headbutt those who attack you in melee.
You have a pair of horns on your head.
You are partially covered in slimy green scales. (AC +2)
Armour fits poorly on your strangely shaped body.
You are somewhat resistant to further mutation.
You do not regenerate when monsters are visible.


Message History

Your surroundings suddenly seem different.
The ice encasing you melts away.
Found 23 gold pieces.
Found 18 gold pieces.
You now have 837 gold pieces (gained 18).
The komodo dragon hisses angrily.
There is a stone staircase leading up here.
You climb upwards.
A spiny frog comes into view.
The spiny frog stings you!
* * * LOW HITPOINT WARNING * * *
There is a stone staircase leading down here.
You hit the spiny frog.
The spiny frog is lightly wounded.
The spiny frog stings you!
* * * LOW HITPOINT WARNING * * *
You closely miss the spiny frog. Your headbutt misses the spiny frog.
The spiny frog is lightly wounded.
The spiny frog stings you!
You die...

#############
............
#.........
#.......#
#.......#
###.....F.#
.......@..#
..........#
..........#
..........#
....
..........P
....
............
....
....P#.#P..PP
..# #...###
P..### ..#


You could see a spiny frog.

Vanquished Creatures
  A hydra (Lair:3)
  A centaur warrior (D:11)
  2 two-headed ogres (D:12)
  Nergalle (Lair:3)
  Sonja (D:11)
  A skeletal warrior (D:11)
  An unseen horror (D:11)
  Pikel (D:8)
  2 ugly things (D:11)
  A manticore (D:12)
  3 cyclopes
  A centaur zombie (D:11)
  Maurice (D:8)
  4 black mambas
  A gargoyle (D:12)
  5 spiny frogs
  A rime drake (Lair:4)
  An efreet (D:11)
  4 komodo dragons
  2 trolls (D:12)
  A hornet (D:12)
  Grinder (D:6)
  3 bog bodies (Lair:2)
  9 hippogriffs
  A shadow (D:11)
  Sigmund (D:2)
  A spriggan (D:8)
  A wraith (D:12)
  16 yaks
  Grum (D:8)
  3 hungry ghosts (D:12)
  Eustachio (D:6)
  A steam dragon (D:12)
  3 swamp worms (Lair:2)
  12 water moccasins
  4 porcupines
  3 orc warriors
  8 ogres
  A black bear (D:7)
  4 phantoms
  5 sky beasts
  2 ice beasts
  3 necrophages
  2 eyes of draining
  A boggart (D:11)
  17 wolves
  2 centaurs
  7 crocodiles
  12 bullfrogs
  A wyvern skeleton (D:10)
  A scorpion (D:11)
  12 killer bees
  5 howler monkeys
  An electric eel (Lair:2)
  2 bullfrog zombies (D:10)
  6 crimson imps
  2 quasits
  2 hounds
  3 jellies
  17 orc priests
  4 bullfrog skeletons
  5 centaur skeletons
  8 orc wizards
  Jessica (D:3)
  4 iguanas
  Ijyb (D:5)
  10 worker ants
  A killer bee zombie (D:7)
  A hound skeleton (D:11)
  A worker ant zombie (D:8)
  4 gnolls (D:10)
  21 adders
  3 shadow imps
  An adder zombie (D:7)
  4 worms (D:2)
  2 leopard geckos
  37 orcs
  5 giant cockroaches
  8 hobgoblins
  8 jackals
  6 quokkas
  4 ball pythons
  5 bats
  2 frilled lizards (D:1)
  17 goblins
  8 kobolds
  A quokka skeleton (D:6)
  6 rats
  A fungus (D:11)
  2 plants
394 creatures vanquished.

Vanquished Creatures (others)
  A jelly (D:8)
  3 jackals (D:8)
  12 fungi
  8 plants
  4 toadstools (D:1)
28 creatures vanquished.

Grand Total: 422 creatures vanquished

Notes
Turn   | Place    | Note
-------+----------+-------------------------------------------
     0 | D:1      | Froggeryz the Minotaur Fighter began the quest for the Orb.
     0 | D:1      | Reached XP level 1. HP: 19/19 MP: 0/0
    69 | D:1      | Reached skill level 3 in Axes
   132 | D:1      | Reached XP level 2. HP: 22/26 MP: 1/1
   689 | D:1      | Reached skill level 4 in Axes
   794 | D:2      | Noticed Sigmund
   808 | D:2      | Killed Sigmund
   808 | D:2      | Reached skill level 6 in Axes
   808 | D:2      | Reached XP level 3. HP: 10/31 MP: 2/2
   808 | D:2      | Reached XP level 4. HP: 13/39 MP: 3/3
   808 | D:2      | Reached XP level 5. HP: 15/45 MP: 4/4
  1074 | D:2      | Reached skill level 7 in Axes
  1078 | D:2      | Found a white marble altar of Elyvilon.
  1574 | D:3      | Found a snail-covered altar of Cheibriados.
  1886 | D:3      | Noticed Jessica
  1891 | D:3      | Killed Jessica
  2176 | D:4      | Found an iron altar of Okawaru.
  2188 | D:4      | Became a worshipper of Warmaster Okawaru
  2191 | D:4      | Reached XP level 6. HP: 41/51 MP: 5/5
  2434 | D:5      | Entered Level 5 of the Dungeon
  2434 | D:5      | Found a staircase to the Ecumenical Temple.
  2440 | D:5      | Reached skill level 8 in Axes
  2537 | D:5      | Noticed Ijyb
  2544 | D:5      | Killed Ijyb
  2552 | D:5      | Reached skill level 9 in Axes
  2662 | D:5      | Reached XP level 7. HP: 54/57 MP: 6/6
  2749 | D:5      | Reached * piety under Okawaru
  2840 | D:5      | Found a shattered altar of Ashenzari.
  2937 | D:6      | Reached skill level 10 in Axes
  2974 | D:6      | Reached skill level 11 in Axes
  3001 | D:6      | Reached ** piety under Okawaru
  3001 | D:6      | Reached XP level 8. HP: 45/64 MP: 7/7
  3055 | D:6      | Noticed Eustachio
  3066 | D:6      | Killed Eustachio
  3066 | D:6      | Reached skill level 12 in Axes
  3244 | D:6      | Noticed Grinder
  3251 | D:6      | Killed Grinder
  3332 | D:6      | Reached skill level 13 in Axes
  3891 | D:7      | Reached *** piety under Okawaru
  3891 | D:7      | Reached XP level 9. HP: 65/70 MP: 8/8
  3987 | D:7      | Reached skill level 14 in Axes
  4272 | D:7      | Found a hide-covered altar of Uskayaw.
  4385 | D:7      | Reached **** piety under Okawaru
  4385 | D:7      | Reached skill level 15 in Axes
  4741 | D:8      | Noticed Pikel
  4748 | D:8      | Killed Pikel
  4862 | D:8      | Noticed Grum
  4868 | D:8      | Reached XP level 10. HP: 55/80 MP: 9/9
  4873 | D:8      | HP: 4/80 [wolf[Grum] (5)]
  4873 | D:8      | Killed Grum
  4873 | D:8      | Reached skill level 5 in Fighting
  4873 | D:8      | Reached skill level 16 in Axes
  4880 | D:8      | Reached ***** piety under Okawaru
  5451 | D:8      | Noticed Maurice
  5497 | D:8      | Killed Maurice
  5628 | D:9      | Found a stormy altar of Qazlal.
  5867 | D:9      | Found an ornate altar of the Wu Jian Council.
  5875 | D:9      | Received a gift from Okawaru
  6215 | D:9      | Found a staircase to the Orcish Mines.
  6236 | D:9      | Found a blossoming altar of Fedhas.
  6247 | D:9      | Noticed an oklob plant
  6404 | D:9      | Found a roughly hewn altar of Beogh.
  6767 | D:10     | Entered Level 10 of the Dungeon
  6786 | D:10     | Reached skill level 17 in Axes
  7529 | D:11     | Killed an unseen horror
  7529 | D:11     | Reached XP level 11. HP: 55/94 MP: 10/10
  7710 | D:11     | Found a staircase to the Lair.
  8089 | D:11     | Reached skill level 18 in Axes
  8171 | D:11     | Noticed a purple ugly thing
  8179 | D:11     | Killed a purple ugly thing
  8327 | D:11     | Noticed a centaur warrior
  8336 | D:11     | Killed a centaur warrior
  8336 | D:11     | Noticed a brown ugly thing
  8340 | D:11     | Noticed a skeletal warrior
  8345 | D:11     | Received a gift from Okawaru
  8350 | D:11     | Killed a skeletal warrior
  8354 | D:11     | Killed a brown ugly thing
  8358 | D:11     | Identified the amulet of Juluemuh {RegenMP MR++ Int+3
                  | Slay-3}
  8887 | D:11     | Reached skill level 19 in Axes
  8930 | D:11     | Reached skill level 10 in Fighting
  9033 | D:11     | Reached skill level 1 in Invocations
  9431 | D:11     | Noticed Sonja
  9434 | D:11     | Gained mutation: Armour fits poorly on your strangely
                  | shaped body. [potion of mutation]
  9434 | D:11     | Gained mutation: You are partially covered in slimy green
                  | scales. (AC +2) [potion of mutation]
  9434 | D:11     | Gained mutation: You do not regenerate when monsters are
                  | visible. [potion of mutation]
  9434 | D:11     | Gained mutation: You are somewhat resistant to further
                  | mutation. [potion of mutation]
  9451 | D:11     | Killed Sonja
  9914 | D:12     | Reached XP level 12. HP: 84/106 MP: 12/12
 10189 | D:12     | Reached skill level 5 in Armour
 10191 | D:12     | Found Zibut's Gadget Shoppe.
 10216 | D:12     | Noticed a two-headed ogre
 10222 | D:12     | Killed a two-headed ogre
 10859 | D:12     | Received a gift from Okawaru
 10868 | D:12     | Got a brightly glowing broad axe {god gift}
 10869 | D:12     | Identified the +4 broad axe "Jetripti" {chop, rElec rC+
                  | Dex+4 SInv} (Okawaru gifted it to you on level 12 of the
                  | Dungeon)
 10872 | D:12     | Paralysed by a hornet for 3 turns
 11442 | D:12     | Noticed a two-headed ogre
 11450 | D:12     | Killed a two-headed ogre
 11455 | D:12     | Reached ****** piety under Okawaru
 11703 | Lair:1   | Entered Level 1 of the Lair of Beasts
 11888 | Lair:1   | Reached skill level 5 in Invocations
 13405 | Lair:2   | Received a gift from Okawaru
 13407 | Lair:2   | Reached skill level 20 in Axes
 13864 | Lair:2   | Found a staircase to the Swamp.
 14393 | Lair:3   | Noticed Nergalle
 14406 | Lair:3   | Killed Nergalle
 14406 | Lair:3   | Reached XP level 13. HP: 59/113 MP: 15/17
 14570 | Lair:3   | Found a staircase to the Snake Pit.
 15123 | Lair:3   | Identified 3 scrolls of acquirement
 15142 | Lair:3   | Identified a +0 pair of boots of running (You acquired it
                  | on level 3 of the Lair of Beasts)
 15144 | Lair:3   | Got a pitted executioner's axe
 15145 | Lair:3   | Identified the +4 executioner's axe of Qerod {chop, Dex+3}
                  | (You acquired it on level 3 of the Lair of Beasts)
 15253 | Lair:3   | You fall into a shaft and drop 1 floor!
 15348 | Lair:3   | Slain by a spiny frog

Levels and vault maps discovered:
D:1:      ldierk_walled_garden_2, layout_loops_corners
D:2:      layout_rooms, old_standard_altar, uniq_sigmund
D:3:      layout_loops_ring, lemuel_doored_altar, kennysheep_jessica_study
D:4:      layout_rooms, kennysheep_okawaru_gauntlet, first_ration
D:5:      layout_rooms, kennysheep_mini_moat, minmay_temple_entry_tees,
          uniq_ijyb
D:6:      layout_loops_cross, nrook_pool_corridor,
          chequers_serial_rivers_small_b, uniq_menkaure, uniq_eustachio,
          uniq_grinder
D:7:      layout_loops_cross, basic_altar
D:8:      layout_loops_cross, the_bakery, uniq_pikel, uniq_maurice, uniq_grum
D:9:      layout_basic, tgw_fedhas, grunt_qazlal_sundering,
          lemuel_crystal_altar, david_defended_altar_orc
D:10:     layout_roguey
D:11:     minmay_the_grid_triangle_9x9_recursive_2_mashed
          [minmay_the_grid_triangle_9x9_prize_insulated,
          minmay_the_grid_triangle_9x9_impossible_snake,
          minmay_the_grid_triangle_9x9_cache,
          minmay_the_grid_triangle_9x9_pentomino_pain], layout_basic,
          minmay_lair_entry_grove, uniq_sonja
D:12:     layout_basic, serial_shops, nicolae_shop_window_shopping,
          hangedman_decor_lopped
Lair:1:   layout_regular_city
Lair:2:   layout_gridlike, nicolae_swamp_entry_splash_gauntlet,
          serial_bayou_crossing, infiniplex_staircase_pool, grunt_megastairs_4
Lair:3:   layout_small_grid, minmay_snake_entry_six_corridors,
          zaba_antful_of_joy, uniq_nergalle
Lair:4:   layout_layer_cave, minmay_lair_drake_nest

Skill      XL: |  1  2  3  4  5  6  7  8  9 10 11 12 13 |
---------------+----------------------------------------+-----
Axes           | 3 6 7 9 11 13 15 17 19 20 | 20.0
Fighting       | 4 8 10 | 10.0
Armour         | 4 9 |  9.9
Invocations    | 2 6 7 |  7.7
Shields        | |  3.6

Action                   |  1- 3 |  4- 6 |  7- 9 | 10-12 | 13-15 || total
-------------------------+-------+-------+-------+-------+-------++-------
Melee: War axe           |    62 |   116 |   137 |       |       ||   315
       Headbutt          |     4 |    26 |    50 |   138 |    16 ||   234
       Unarmed           |       |       |    16 |       |       ||    16
       Battleaxe         |       |       |    82 |   440 |       ||   522
       Broad axe         |       |       |       |   167 |    70 ||   237
Evoke: Wand              |       |     4 |     3 |    10 |     2 ||    19
  Use: Potion            |     1 |       |     1 |     8 |       ||    10
       Scroll            |     1 |       |       |    14 |     8 ||    23
 Stab: Confused          |       |       |     1 |     3 |       ||     4
  Eat: Chunk             |       |    33 |     7 |    40 |     3 ||    83
Armor: Scale mail        |    17 |    37 |    76 |   265 |    35 ||   430
       Skin              |       |       |     6 |       |       ||     6
Dodge: Dodged            |    20 |    33 |    69 |   234 |    22 ||   378
       Deflected         |       |       |     1 |       |       ||     1
Block: Shield            |    30 |    78 |    51 |       |       ||   159

Table legend:
 A = Non-vault XP
 B = Vault XP
 C = Vault XP percentage of total XP
 D = Non-vault monster count
 E = Vault monster count
 F = Vault count percentage of total count
                 A         B        C        D         E       F
            +---------+---------+-------+---------+---------+-------
      Total |   30905 |   12717 |  29.2 |     319 |      72 |  18.4
            +---------+---------+-------+---------+---------+-------
        D:1 |      29 |       0 |   0.0 |      19 |       0 |   0.0
        D:2 |      58 |     220 |  79.1 |      28 |       1 |   3.4
        D:3 |      31 |      39 |  55.7 |      11 |       2 |  15.4
        D:4 |      57 |       4 |   6.6 |       7 |       2 |  22.2
        D:5 |     420 |      36 |   7.9 |      12 |       1 |   7.7
        D:6 |    1264 |     450 |  26.3 |      27 |       2 |   6.9
        D:7 |    1677 |       0 |   0.0 |      27 |       0 |   0.0
        D:8 |     517 |    1878 |  78.4 |      10 |       7 |  41.2
        D:9 |    1635 |     125 |   7.1 |      32 |       3 |   8.6
       D:10 |    1898 |       0 |   0.0 |      20 |       0 |   0.0
       D:11 |    4035 |    6602 |  62.1 |      39 |      31 |  44.3
       D:12 |    7486 |       0 |   0.0 |      37 |       0 |   0.0
     Lair:1 |    5608 |       0 |   0.0 |      24 |       0 |   0.0
     Lair:2 |     842 |    1327 |  61.2 |       7 |       7 |  50.0
     Lair:3 |    5044 |    1655 |  24.7 |      17 |      15 |  46.9
     Lair:4 |     304 |     381 |  55.6 |       2 |       1 |  33.3
            +---------+---------+-------+---------+---------+-------
